 Dungeon Crawl Stone Soup version 0.31.0-11-ge490571c62 (webtiles) character file.

Game seed: 8762106429672534873

18 monsoonserge the Vexing (level 2, -5/19 HPs)
             Began as a Demonspawn Enchanter on Jan 29, 2024.
             Slain by a ribbon worm (7 damage)
             ... on level 2 of the Dungeon.
             The game lasted 00:02:38 (963 turns).

monsoonserge the Vexing (Demonspawn Enchanter)       Turns: 963, Time: 00:02:38

Health: -5/19      AC:  2    Str:  8    XL:     2   Next: 51%
Magic:  5/5        EV: 12    Int: 15    God:
Gold:   80         SH:  0    Dex: 13    Spells: 5/5 levels left

rFire   . . .        a - +1 dagger
rCold   . . .        (no shield)
rNeg    . . .        b - +0 robe
rPois   .            (no helmet)
rElec   .            (no cloak)
rCorr   .            (no gloves)
SInv    .            (no boots)
Will    .....        (no amulet)
Stlth   ++           (no ring)
HPRegen 0.23/turn    (no ring)
MPRegen 0.09/turn

%: no passive effects
@: no status effects
A: claws 1
a: no special abilities


You were on level 2 of the Dungeon.
You visited 1 branch of the dungeon, and saw 2 of its levels.

You collected 80 gold pieces.

Inventory:

Hand Weapons
 a - a +1 dagger (weapon)
Missiles
 h - 2 datura-tipped darts
 n - 6 poisoned darts (quivered)
Armour
 b - a +0 robe (worn)
 m - a +0 chain mail
Scrolls
 d - a scroll of poison {unknown}
 g - a scroll of teleportation {unknown}
 k - a scroll of immolation {unknown}
 l - a scroll of amnesia {unknown}
Potions
 c - 2 potions of invisibility
 e - a potion of brilliance {unknown}
 f - 2 potions of degeneration {unknown}
 i - a potion of curing {unknown}
 j - a potion of enlightenment {unknown}


   Skills:
 - Level 0.2 Fighting
 - Level 1.0 Short Blades
 - Level 1.8 Dodging
 - Level 2.8 Stealth
 + Level 0.1 Unarmed Combat
 - Level 2.2 Spellcasting
 - Level 3.4 Hexes


You had 5 spell levels left.
You didn't know any spells.
Your spell library contained the following spells:

 Spells                   Type           Power      Damage    Failure   Level
 Ensorcelled Hibernation  Hex/Ice        12%        N/A       16%         2
 Confusing Touch          Hex            12%        N/A       16%         3
 Tukima's Dance           Hex            12%        N/A       16%         3
 Dazzling Flash           Conj/Hex       12%        N/A       32%         3


Dungeon Overview and Level Annotations

Branches:
Dungeon (2/15)

Altars:


Innate Abilities, Weirdness & Mutations

You have sharp fingernails.


Message History

The rat closely misses you.
You hit the rat.
You kill the rat!
Done exploring.
Done exploring.
Done exploring.
Done exploring.
There is a stone staircase leading down here.
You climb downwards.
There is a stone staircase leading up here.
Found an escape hatch in the floor.
A ribbon worm comes into view.
You hit the ribbon worm.
The ribbon worm is lightly wounded.
The ribbon worm bites you!
You hit the ribbon worm.
The ribbon worm is lightly wounded.
The ribbon worm bites you.
You hit the ribbon worm.
The ribbon worm is lightly wounded.
You completely miss the ribbon worm.
The ribbon worm is lightly wounded.
The ribbon worm barely misses you.
You completely miss the ribbon worm.
The ribbon worm is lightly wounded.
The ribbon worm expels a string of sticky webbing.
The stream of webbing hits you but does no damage.
You are caught in a web!
The web tears apart.
The ribbon worm misses you.
You barely miss the ribbon worm. The ribbon worm bites you.
* * * LOW HITPOINT WARNING * * *
You hit the ribbon worm.
The ribbon worm is lightly wounded.
The ribbon worm expels a string of sticky webbing.
The stream of webbing hits you but does no damage.
You are caught in a web!
There is a web here.
You struggle to detach yourself from the web.
The web tears apart.
The ribbon worm bites you!
You die...

## ...... .# ##.#.>. .#
......## ..# ...... ...#
#.##.# ##..# # ####.##.#
... ...
#.......###.#.....
########........@w...#
.<......###.....##.....#
.........##.....# #..#.#
.........##..........#
...............#.## .#
..............##... .#
..............# .##. .
.........###### .# ..
..........


You could see a ribbon worm (catching breath).

Vanquished Creatures
  2 ball pythons (D:1)
  An endoplasm (D:1)
  3 giant cockroaches (D:1)
  A goblin (D:1)
  2 hobgoblins (D:1)
  A kobold (D:1)
  3 frilled lizards (D:1)
  4 rats (D:1)
17 creatures vanquished.

Notes
Turn   | Place    | Note
-------+----------+-------------------------------------------
     0 | D:1      | monsoonserge the Demonspawn Enchanter began the quest for
                  | the Orb.
     0 | D:1      | Reached XP level 1. HP: 13/13 MP: 3/3
   241 | D:1      | Gained mutation: You have sharp fingernails. [demonic
                  | ancestry]
   241 | D:1      | Reached XP level 2. HP: 12/19 MP: 5/5
   376 | D:1      | Reached skill level 1 in Short Blades
   963 | D:2      | Slain by a ribbon worm

Illustrated notes

Levels and vault maps discovered:
D:1:      nicolae_arrival_memento_mori, layout_basic
D:2:      layout_basic, hangedman_decor_growths, kennysheep_path_1, uniq_terence

Skill      XL: |  1  2 |
---------------+-------+-----
Short Blades   | 1 |  1.0
Fighting       | |  0.2
Dodging        | |  1.8
Stealth        | |  2.8
Unarmed Combat | |  0.1
Spellcasting   | |  2.2
Hexes          | |  3.4

Action                     || total
---------------------------++-------
  Melee: Dagger            ||    59
   Stab: Sleeping          ||     2
 Armour: Robe              ||    32
  Dodge: Dodged            ||    23
